 Dungeon Crawl Stone Soup version 0.27-a0-1196-g3e9cee4cb2 (webtiles) character file.

Game seed: 7031663003892367713

10397 Froggeryz the Reanimator (level 11, -7/70 HPs)
             Began as a Mummy Necromancer on May 27, 2021.
             Was a Believer of Ru.
             Mangled by an orc warrior
             ... wielding a +0 scimitar
              (10 damage)
             ... on level 12 of the Dungeon on May 28, 2021.
             The game lasted 00:35:07 (19264 turns).

Froggeryz the Reanimator (Mummy Necromancer)       Turns: 19264, Time: 00:35:08

Health: -7/70      AC:  8    Str: 17    XL:     11   Next: 35%
Magic:  3/17       EV: 13    Int: 18    God:    Ru [**....]
Gold:   133        SH:  0    Dex: 13    Spells: 5/18 levels left

rFire    x . .     SeeInvis +   g - staff of death
rCold    + . .     Faith    .   (no shield)
rNeg     + + +     Spirit   .   l - +2 robe {Archmagi}
rPois    ∞         Reflect  .   a - +1 helmet {SInv}
rElec    .         Harm     .   o - +0 cloak
rCorr    .         Rampage  .   (no gloves)
Will     +....                  c - +0 pair of boots
Stlth    ++........             f - amulet of magic regeneration
HPRegen  0.21/turn              d - ring of flight
MPRegen  0.40/turn              k - +6 ring of strength

@: flying
A: cold resistance 1, negative energy resistance 3, torment resistance 2, heat
vulnerability 1, inability to use devices, no potions
a: Renounce Religion


You were on level 12 of the Dungeon.
You worshipped Ru.
Ru was pleased with you.
You visited 2 branches of the dungeon, and saw 13 of its levels.

You collected 551 gold pieces.
You spent 418 gold pieces at shops.

Inventory:

Hand Weapons
 q - a +2 dagger of pain
 v - a +2 dagger of venom
Armour
 a - a +1 helmet of see invisible (worn)
 c - a +0 pair of boots (worn)
 l - a +2 robe of the Archmagi (worn)
 m - a +1 robe of willpower
 o - a +0 cloak (worn)
Magical Staves
 g - a staff of death (weapon)
Jewellery
 d - a ring of flight (left hand)
 f - an amulet of magic regeneration (around neck)
 k - a +6 ring of strength (right hand)
 p - an amulet of the acrobat
Scrolls
 b - 2 scrolls of amnesia
 e - a scroll of fog
 h - 2 scrolls of immolation
 i - a scroll of magic mapping
 j - a scroll of identify
 n - 3 scrolls of enchant weapon
 r - 5 scrolls of teleportation
 s - a scroll of silence
 z - 2 scrolls of enchant armour


   Skills:
 - Level 1.1 Fighting
 - Level 4.2 Staves
 - Level 3.1 Dodging
 - Level 1.5 Stealth
 - Level 4.0 Spellcasting
 + Level 5.7 Summonings
 - Level 13.5 Necromancy
 + Level 5.7 Ice Magic


You had 5 spell levels left.
You knew the following spells:

 Your Spells              Type           Power      Damage    Failure   Level
a - Pain                  Necr           100%       1d9       1%          1
b - Vampiric Draining     Necr           43%        2d12      1%          3
c - Agony                 Necr           87%        N/A       1%          5
d - Summon Ice Beast      Ice/Summ       36%        N/A       14%         4

Your spell library contained the following spells:

 Spells                   Type           Power      Damage    Failure   Level
 Animate Skeleton         Necr           100%       N/A       1%          1
 Summon Small Mammal      Summ           100%       N/A       1%          1
 Animate Dead             Necr           43%        N/A       1%          4
 Call Imp                 Summ           36%        N/A       2%          2
 Call Canine Familiar     Summ           36%        N/A       4%          3
 Sandblast                Erth           10%        2d5       14%         1
 Summon Guardian Golem    Hex/Summ       20%        N/A       14%         3
 Passwall                 Tmut/Erth      4%         N/A       22%         2
 Stone Arrow              Conj/Erth      10%        3d7       41%         3
 Summon Lightning Spire   Summ/Air       20%        N/A       41%         4
 Petrify                  Tmut/Erth      5%         N/A       82%         4
 Lee's Rapid Deconstruct  Erth           2%         3d6*      99%         5


Dungeon Overview and Level Annotations

Branches:
Dungeon (12/15)            Temple (1/1) D:7            Lair (0/6) D:11
    Orc (0/2) D:12

Altars:
Ashenzari
Cheibriados
Dithmenos
Elyvilon
Fedhas
Gozag
Hepliaklqana
Kikubaaqudgha
Makhleb
Nemelex Xobeh
Okawaru
Qazlal
Ru
Sif Muna
Trog
Uskayaw
Vehumet
Wu Jian
Xom
Yredelemnul
Zin
The Shining One
Beogh

Shops:
D:2 *   D:11 (?[

Annotations:
D:5 Menkaure
D:6 Maggie
D:8 Grum


Innate Abilities, Weirdness & Mutations

You are immune to poison.
Your flesh is cold resistant. (rC+)
You are immune to negative energy. (rN+++)
You are immune to unholy pain and torment.
You are vulnerable to heat. (rF-)
You cannot study or use magical devices.
You do not drink.


Message History

The orc warrior hits you but does no damage.
Casting: Vampiric Draining (safe; 1% risk of failure)
Confirm with . or Enter, or press ? or * to list all spells.
Aiming: Vampiric Draining (safe; 1% risk of failure)
Press: ? - help, Shift-Dir - straight line, f/p - orc warrior
Aim: an orc warrior, wielding a +0 scimitar and wearing a +2 plate armour of positive energy (heavily wounded)
You feel a strong surge of power!
You draw life force from the orc warrior.
You feel life coursing into your body.
The orc warrior hits you from afar with a +0 halberd.
The orc warrior hits you with a +0 scimitar!
Casting: Vampiric Draining (safe; 1% risk of failure)
Confirm with . or Enter, or press ? or * to list all spells.
You feel a surge of power! A chill wind blows around you.
The orc warrior completely misses you.
The orc warrior hits you with a +0 scimitar!!
* * * LOW HITPOINT WARNING * * *
The orc priest begins to pray, but is stunned by your conviction!
Things that are here:
a +0 dagger; an orc corpse The orc warrior hits you with a +0 scimitar!
* * * LOW HITPOINT WARNING * * *
The orc priest begins to pray, but is stunned by your conviction!
Your ice beast hits the orc priest.
Your ice beast freezes the orc priest!
The orc priest hits your ice beast but does no damage.
Okay, then.
You can't drink.
Unknown command.
Your ice beast hits the orc priest.
Your ice beast freezes the orc priest!
The orc priest dies!
Casting: Summon Ice Beast (dangerous; 14% risk of failure)
Confirm with . or Enter, or press ? or * to list all spells.
Aiming: Vampiric Draining (safe; 1% risk of failure)
Press: ? - help, Shift-Dir - straight line, f/p - orc warrior
Aim: an orc warrior, wielding a +0 scimitar and wearing a +2 plate armour of positive energy (severely wounded)
You feel a strong surge of power!
You draw life force from the orc warrior.
You feel life coursing into your body.
The orc warrior hits you with a +0 scimitar!
You die...

#.......# #.......#
####..### $# ####.### .# #
#......########.# #
#......##......+### ###
#......##...>.....#
'.#######......#.oo)Y.....#
#.......+......'@#8.).8#..+
#########......#####'### #
#......# #..o..# # #####+##
#.....# # #.._..# #.....#
#.....# # ############ #
#........#


You could see 2 orc warriors and a friendly ice beast (summoned).

Vanquished Creatures
  A boulder beetle (D:11)
  A two-headed ogre (D:10)
  Pikel (D:6)
  2 orc sorcerers (D:7)
  A cyclops (D:12)
  Psyche (D:10)
  A komodo dragon (D:10)
  A troll (D:9)
  A wyvern (D:7)
  7 yaks (D:10)
  Edmund (D:6)
  3 wargs (D:11)
  An ice beast (D:5)
  7 orc warriors
  A sky beast (D:6)
  3 black bears
  A necrophage (D:7)
  4 ogres
  A hornet zombie (D:7)
  2 wolves
  6 centaurs
  3 kobold brigands
  Blork the orc (D:6)
  A bullfrog (D:8)
  2 scorpions (D:4)
  8 killer bees
  An electric eel (D:7)
  2 bullfrog zombies
  2 centaur zombies (D:7)
  A jelly (D:4)
  A hound (D:6)
  Crazy Yiuf (D:6)
  A centaur skeleton (D:7)
  11 orc priests
  2 iguanas
  10 orc wizards
  2 killer bee zombies
  A hound zombie (D:5)
  2 adders
  2 howler monkey skeletons
  A shadow imp (D:3)
  An ufetubus (D:6)
  2 worms
  4 dart slugs
  44 orcs
  10 ball pythons
  8 endoplasms
  2 giant cockroaches
  3 goblins
  9 hobgoblins
  11 jackals
  3 quokkas
  2 bats
  4 frilled lizards
  20 kobolds
  9 rats
234 creatures vanquished.

Vanquished Creatures (collateral kills)
  A boulder beetle (D:12)
  A two-headed ogre (D:11)
  A raiju (shapeshifter) (D:11)
  A wraith (D:10)
  3 vampire mosquitoes
  A nameless horror (D:11)
  A howler monkey (D:11)
  An orc priest (D:12)
  2 orcs (D:11)
12 creatures vanquished.

Vanquished Creatures (others)
  31 plants
31 creatures vanquished.

Grand Total: 277 creatures vanquished

Notes
Turn   | Place    | Note
-------+----------+-------------------------------------------
     0 | D:1      | Froggeryz the Mummy Necromancer began the quest for the
                  | Orb.
     0 | D:1      | Reached XP level 1. HP: 13/13 MP: 4/4
   347 | D:1      | Reached XP level 2. HP: 19/19 MP: 1/5
  1051 | D:1      | Reached skill level 5 in Necromancy
  1149 | D:1      | Reached XP level 3. HP: 24/24 MP: 2/7
  1841 | D:2      | Found Jol Zimp's General Store.
  1850 | D:2      | Bought a scroll of identify for 28 gold pieces
  2211 | D:2      | Learned a level 3 spell: Vampiric Draining
  2246 | D:2      | You are sucked into a shaft and drop 1 floor!
  2246 | D:3      | Found a faded altar of an unknown god.
  3150 | D:3      | Reached XP level 4. HP: 30/30 MP: 8/8
  3761 | D:3      | Reached skill level 6 in Necromancy
  4283 | D:3      | Reached XP level 5. HP: 34/35 MP: 9/9
  4959 | D:4      | Reached skill level 7 in Necromancy
  4959 | D:4      | Reached XP level 6. HP: 36/41 MP: 4/11
  5317 | D:4      | Reached skill level 1 in Fighting
  5454 | D:5      | Entered Level 5 of the Dungeon
  5466 | D:5      | Reached XP level 7. HP: 35/48 MP: 5/13
  5480 | D:5      | Reached skill level 8 in Necromancy
  5667 | D:5      | Identified a scroll of acquirement
  5667 | D:5      | Acquired a staff of death
  6266 | D:5      | Reached skill level 9 in Necromancy
  6266 | D:5      | Reached XP level 8. HP: 49/54 MP: 5/14
  6796 | D:6      | Reached skill level 1 in Staves
  6796 | D:6      | Identified the +8 scale mail of Baibbupagg {Str+2 Int+2}
  6820 | D:6      | Noticed Blork the orc
  7014 | D:6      | Found a runed translucent door.
  7015 | D:6      | Noticed Crazy Yiuf
  7021 | D:6      | Killed Crazy Yiuf
  7022 | D:6      | Reached skill level 10 in Necromancy
  7328 | D:6      | Noticed Pikel
  7347 | D:6      | Killed Pikel
  7470 | D:6      | Noticed Edmund
  7478 | D:6      | Killed Edmund
  7479 | D:6      | Reached XP level 9. HP: 59/59 MP: 1/15
  7626 | D:6      | Noticed Menkaure
  7953 | D:6      | Killed Blork the orc
  7954 | D:6      | Reached skill level 11 in Necromancy
  8086 | D:6      | Noticed Maggie
  8339 | D:7      | Found a sparkling altar of Nemelex Xobeh.
  8645 | D:7      | Noticed an orc sorcerer
  8645 | D:7      | Noticed an orc sorcerer
  8669 | D:7      | Killed an orc sorcerer
  8752 | D:7      | Paralysed by an orc sorcerer for 4 turns
  8757 | D:7      | Killed an orc sorcerer
  8758 | D:7      | Reached skill level 12 in Necromancy
  8761 | D:7      | Identified the +1 robe of Ikutitoa {*Slow rC++}
 10143 | D:7      | Found a staircase to the Ecumenical Temple.
 10298 | Temple   | Entered the Ecumenical Temple
 10818 | Temple   | Became a worshipper of Ru the Awakened
 10889 | D:7      | Found a radiant altar of Vehumet.
 10895 | D:7      | Found an iron altar of Okawaru.
 10897 | D:7      | Found a faded altar of an unknown god.
 10899 | D:7      | Found a hide-covered altar of Uskayaw.
 12107 | D:8      | Reached XP level 10. HP: 39/65 MP: 12/16
 12200 | D:7      | Learned a level 5 spell: Agony
 12253 | D:8      | Reached skill level 13 in Necromancy
 12335 | D:8      | Noticed Grum
 12614 | D:8      | Found a bloodstained altar of Trog.
 13202 | D:9      | Gained mutation: You cannot study or use magical devices.
                  | [Ru sacrifice]
 13202 | D:9      | Reached * piety under Ru
 13202 | D:9      | Reached ** piety under Ru
 14156 | D:10     | Entered Level 10 of the Dungeon
 14205 | D:9      | Learned a level 4 spell: Summon Ice Beast
 14232 | D:10     | Noticed Psyche
 14254 | D:10     | Killed Psyche
 14255 | D:10     | Reached skill level 1 in Summonings
 14255 | D:10     | Reached skill level 1 in Ice Magic
 14495 | D:10     | Noticed a two-headed ogre
 14505 | D:10     | Killed a two-headed ogre
 15078 | D:10     | Found a hazy altar of Hepliaklqana.
 15249 | D:10     | Noticed a gargoyle
 16382 | D:10     | Found an ancient bone altar of Kikubaaqudgha.
 16579 | D:11     | Noticed a cane toad
 16726 | D:11     | Found Ucamoil's Weapon Boutique.
 16825 | D:11     | Found Feiva Cef's Antique Armour Shop.
 16850 | D:11     | Reached XP level 11. HP: 70/70 MP: 15/17
 17749 | D:11     | Bought a pair of masterwork boots for 218 gold pieces
 17749 | D:11     | Identified the +0 pair of boots of Vexation {Harm *Slow rF-
                  | Regen+} (You bought it in a shop on level 11 of the
                  | Dungeon)
 17750 | D:11     | Bought a shiny helmet for 172 gold pieces
 17791 | D:11     | Found a staircase to the Lair.
 17850 | D:11     | Reached skill level 5 in Ice Magic
 17995 | D:11     | Reached skill level 5 in Summonings
 18024 | D:11     | Found Lubiecu's Magic Scroll Shop.
 18159 | D:11     | Noticed a two-headed ogre
 18176 | D:11     | Killed a two-headed ogre
 18273 | D:11     | Noticed a boulder beetle
 18686 | D:11     | Killed a boulder beetle
 19010 | D:12     | Noticed a boulder beetle
 19054 | D:12     | Killed a boulder beetle
 19240 | D:12     | Found a staircase to the Orcish Mines.
 19261 | D:12     | HP: 1/70 [orc warrior/+0 scimitar (8)]
 19264 | D:12     | Mangled by an orc warrior

Illustrated notes

Levels and vault maps discovered:
D:1:      dpeg_arrival_boxorama, layout_basic
D:2:      layout_loops_cross, serial_shops, shop
D:3:      layout_basic, chequers_ecumenical_altar_lobes
D:4:      layout_loops_cross, grunt_ministairs_7
D:5:      layout_loops_ring, serial_bayou_lake_a
D:6:      layout_loops_ring, corner_web_ring, uniq_maggie, uniq_edmund,
          uniq_pikel, uniq_blork_the_orc, uniq_menkaure, uniq_crazy_yiuf_cottage
D:7:      cheibrodos_wizards_tower, layout_cave_pools, kennysheep_mini,
          chequers_temple_overflow_minitemple, minmay_temple_entry_glassed_door,
          serial_undead, serial_undead_b, serial_undead_f, serial_undead_c,
          serial_undead_f
D:8:      layout_basic, lemuel_doored_altar, serial_rivers,
          chequers_serial_rivers_room_a, chequers_serial_rivers_room_b,
          chequers_serial_rivers_room_a, chequers_serial_rivers_micro_a,
          uniq_grum
D:9:      layout_loops_corners
D:10:     layout_layer_cave, nicolae_hepliaklqana_hazy_memory,
          kennysheep_mini_moat, uniq_psyche
D:11:     layout_basic, erik_lair_orcish_takeover, serial_shops,
          nicolae_shop_crystal, nicolae_shop_trees, shop, special_room
          [special_room_orc]
D:12:     layout_roguey, minmay_orc_entry_temple_small
Temple:   eino_temple_water

Skill      XL: |  1  2  3  4  5  6  7  8  9 10 11 |
---------------+----------------------------------+-----
Necromancy     | 5 6 7 9 10 12 13 | 13.5
Spellcasting   | 3 4 |  4.0
Fighting       | 1 |  1.1
Dodging        | 3 |  3.1
Staves         | 3 4 |  4.2
Summonings     | 4 5 |  5.7
Ice Magic      | 4 5 |  5.7
Stealth        | |  1.5

Action                   |  1- 3 |  4- 6 |  7- 9 | 10-12 || total
-------------------------+-------+-------+-------+-------++-------
Melee: Rapier            |    61 |    10 |     5 |       ||    76
       Dagger            |       |    61 |     6 |       ||    67
       Staff             |       |       |   251 |   125 ||   376
 Cast: Pain              |    75 |    53 |   120 |   157 ||   405
       Vampiric Draining |       |     9 |    37 |    70 ||   116
       Agony             |       |       |       |     4 ||     4
       Summon Ice Beast  |       |       |       |    32 ||    32
Invok: Sacrifice Artific |       |       |       |     1 ||     1
       Reject Sacrifices |       |       |       |     1 ||     1
Evoke: Wand              |       |       |    12 |       ||    12
  Use: Scroll            |     1 |       |     8 |     7 ||    16
 Stab: Sleeping          |     6 |     2 |     3 |       ||    11
       Distracted        |       |       |       |     1 ||     1
Armor: Robe              |    22 |    22 |   160 |    87 ||   291
Dodge: Dodged            |    64 |    48 |   257 |   215 ||   584

Table legend: (Time is in decaauts)
 A = Elapsed time spent in this place.
 B = Non-inter-level travel time spent in this place.
 C = Inter-level travel time spent in this place.
 D = Time resting spent in this place.
 E = Time spent auto-exploring this place.
 F = Levels seen in this place.
 G = Mean time per level.
                   A        B        C        D        E       F      G
               +--------+--------+--------+--------+--------+-----+--------+
         Total |  19334 |  18563 |    771 |   4695 |  10842 |  13 | 1487.2 |
       Dungeon |  18803 |  18091 |    712 |   4695 |  10373 |  12 | 1566.9 |
        Temple |    530 |    471 |     59 |      0 |    469 |   1 |  530.0 |
               +--------+--------+--------+--------+--------+-----+--------+

Top non-repeatable levels by time:
    D:10: 2739 daAuts
     D:6: 2252 daAuts
     D:1: 1743 daAuts
     D:7: 1711 daAuts
     D:8: 1635 daAuts
     D:3: 1624 daAuts
    D:11: 1560 daAuts
     D:9: 1448 daAuts
     D:5: 1413 daAuts
     D:2: 1290 daAuts
     D:4: 1048 daAuts
  Temple: 530 daAuts
    D:12: 336 daAuts
